 Dungeon Crawl Stone Soup version 0.26.1-11-gd32895ea62 (webtiles) character file.

Game seed: 15474248287073586890

618 phalm the Conjurer (level 7, -2/52 HPs)
             Began as a Gnoll Conjurer on May 13, 2021.
             Slain by an ogre
             ... wielding a +0 giant spiked club
              (29 damage)
             ... on level 8 of the Dungeon.
             The game lasted 00:08:21 (5047 turns).

phalm the Conjurer (Gnoll Conjurer)                 Turns: 5047, Time: 00:08:22

Health: -2/52      AC:  7    Str: 10    XL:     7   Next: 45%
Magic:  24/24      EV: 12    Int: 22    God:
Gold:   175        SH:  5    Dex: 13    Spells: 10/17 levels left

rFire    . . .     SeeInvis .   r - +2 spear (flame)
rCold    + . .     Faith    .   (no shield)
rNeg     . . .     Spirit   .   t - +0 ring mail (curse)
rPois    .         Reflect  +   i - +0 helmet
rElec    .         Harm     .   D - +0 cloak (curse)
rCorr    .         Rampage  .   (no gloves)
Will     .....                  (no boots)
Stlth    ++........             l - amulet of reflection
HPRegen  0.17/turn              C - ring of protection from cold
MPRegen  0.19/turn              W - ring of magical power

@: studying Fighting
A: distributed training, fangs 1, strong nose
a: no special abilities


You were on level 8 of the Dungeon.
You visited 1 branch of the dungeon, and saw 6 of its levels.

You collected 263 gold pieces.
You spent 88 gold pieces at shops.


Innate Abilities, Weirdness & Mutations

Your experience applies equally to all skills.
You have very sharp teeth.
Your uncanny sense of smell can sniff out nearby items.


   Skills:
 + Level 3.0 Fighting
 + Level 2.5 Short Blades
 + Level 2.5 Long Blades
 + Level 2.5 Axes
 + Level 2.5 Maces & Flails
 + Level 2.5 Polearms
 + Level 2.5 Staves
 + Level 2.5 Slings
 + Level 2.5 Bows
 + Level 2.5 Crossbows
 + Level 2.5 Throwing
 + Level 2.5 Armour
 + Level 5.2 Dodging
 + Level 4.9 Stealth
 + Level 2.5 Shields
 + Level 2.5 Unarmed Combat
 + Level 5.6 Spellcasting
 + Level 7.4 Conjurations
 + Level 2.0 Hexes
 + Level 2.0 Summonings
 + Level 2.0 Necromancy
 + Level 2.0 Translocations
 + Level 2.0 Transmutations
 + Level 2.0 Fire Magic
 + Level 2.0 Ice Magic
 + Level 2.0 Air Magic
 + Level 2.0 Earth Magic
 + Level 2.0 Poison Magic
 + Level 2.8 Invocations
 + Level 2.5 Evocations


You had 10 spell levels left.
You knew the following spells:

 Your Spells              Type           Power        Failure   Level
m - Magic Dart            Conj           100%         1%          1
s - Searing Ray           Conj           76%          1%          2
X - Iskenderun's Mystic   Conj/Tloc      27%          32%         4

Your spell library contained the following spells:

 Spells                   Type           Power        Failure   Level
 Dazzling Flash           Conj/Hex       54%          10%         3
 Fulminant Prism          Conj/Hex       13%          32%         4

Inventory:

Hand Weapons
 r - a +2 spear of flaming (weapon)
   (You found it on level 2 of the Dungeon)
Missiles
 d - 43 stones
 k - 24 sling bullets
 E - 15 bolts
Armour
 a - a +0 robe
 i - a +0 helmet (worn)
   (You found it on level 1 of the Dungeon)
 t - a cursed +0 ring mail (worn)
   (You found it on level 1 of the Dungeon)
 y - the +5 chain mail "Xyjaen" {+Blink rCorr Int+6 Stlth-, unknown}
   (You found it on level 4 of the Dungeon)

   It affects your intelligence (+6).
   It lets you blink.
   It provides partial protection from all sources of acid and corrosion.
   It makes you less stealthy.
 D - a cursed +0 cloak (worn)
   (You found it on level 4 of the Dungeon)
Magical Staves
 u - an uncursed staff of poison {!a}
   (You found it on level 3 of the Dungeon)
Jewellery
 g - an uncursed amulet of regeneration
   (You found it on level 1 of the Dungeon)
 l - an amulet of reflection (around neck)
   (You found it on level 2 of the Dungeon)
 C - a ring of protection from cold (left hand)
   (You found it on level 3 of the Dungeon)
 F - an uncursed ring of protection from fire
   (You took it off an orc on level 5 of the Dungeon)
 L - an uncursed ring of flight
   (You found it on level 3 of the Dungeon)
 W - a ring of magical power (right hand)
   (You found it on level 3 of the Dungeon)
Scrolls
 b - 2 scrolls of remove curse {unknown}
 e - 2 scrolls of immolation {unknown}
 j - 2 scrolls of teleportation {unknown}
 n - 2 scrolls of fog {unknown}
 o - a scroll of random uselessness {unknown}
 q - 2 scrolls of identify {unknown}
 v - a scroll of blinking {unknown}
 x - a scroll of magic mapping {unknown}
Potions
 c - 2 potions of heal wounds {@q2}
 f - 3 potions of berserk rage {unknown}
 h - a potion of degeneration {unknown}
 m - 4 potions of brilliance {unknown}
 p - a potion of magic {unknown}
 s - a potion of flight {unknown}
 w - 2 potions of cancellation {unknown}
 z - a potion of mutation {unknown}
 A - 2 potions of curing {@q1}
Books
 B - a manual of Fighting {!d}
   (You found it on level 4 of the Dungeon)

Dungeon Overview and Level Annotations

Branches:
Dungeon (5/15)               Lair (0/6) D:8
 Temple: D:4-7

Altars:
Ashenzari
Dithmenos
Makhleb

Shops:
D:4

! #(....... #...Y.>..
#........ #....##
#.O...#.. #........ . ∆
#########...#....
.$..####OZYr............
......r@Y####......###.#
....###### ######.# .# .
∆ #.# # .. ###


You could see 2 death yaks, an ogre, a hell rat, a bullfrog zombie and a quokka.


Message History

😎 MP[-1]
You lost 1 mp, and now have 18/24 mp.
The magic dart hits the orc but does no damage. 😎 MP[-1]
You lost 1 mp, and now have 17/24 mp.
The magic dart hits the orc!
You kill the orc! 😎 MP[-1]
You lost 1 mp, and now have 16/24 mp.
The magic dart hits the orc priest. 😎 MP[-1]
You lost 1 mp, and now have 15/24 mp.
The magic dart hits the orc priest.
The magic dart hits the orc priest.
Your magical contamination has completely faded away. 😎 MP[-1]
You lost 1 mp, and now have 14/24 mp.
The magic dart hits the orc priest!
The orc priest looks encouraged for a moment. 😎 MP[-1]
You lost 1 mp, and now have 13/24 mp.
The magic dart hits the orc priest!
You kill the orc priest! 😎 MP[-1]
You lost 1 mp, and now have 12/24 mp.
You can't see any susceptible monsters within range! (Use Z to cast anyway.)
You see here a +0 whip.
Things that are here:
a +0 leather armour; an orc corpse; 😎 MP[+12]
Your mp is fully restored (24).
Things that are here:
a +0 mace; an orc corpse An orc comes into view.
It is wielding a +0 dagger.
Found an escape hatch in the floor.
You see here a robe.
The magic dart hits the orc. 😎 MP[-1]
You lost 1 mp, and now have 23/24 mp.
The magic dart hits the orc.
You kill the orc! 😎 MP[-1]
You lost 1 mp, and now have 22/24 mp.
You can't see any susceptible monsters within range! (Use Z to cast anyway.)
You can't see any susceptible monsters within range! (Use Z to cast anyway.)
Things that are here:
a +0 dagger; a +0 leather armour; an orc corpse 😎 MP[+2]
Your mp is fully restored (24).
You see here a ring mail.
You see here a ring mail.
You see here a ring mail.
You see here a ring mail.
Things that are here:
a +0 war axe; a +0 chain mail A quokka comes into view.
The magic dart hits the quokka. 😎 MP[-1]
You lost 1 mp, and now have 23/24 mp.
The magic dart hits the quokka!
You kill the quokka! 😎 MP[-1]
You lost 1 mp, and now have 22/24 mp.
You can't see any susceptible monsters within range! (Use Z to cast anyway.)
You see here a quokka corpse.
The ogre shouts!
You fall into a shaft and drop 3 floors!
The shaft crumbles and collapses.
You hear the hiss of flowing sand.
There is an entrance to an ossuary on this level.
Hurry and find it before the portal is buried!
A death yak comes into view.
The death yak bellows!
A hell rat comes into view.
The hell rat roars deafeningly!
An ogre comes into view. It is wielding a +0 giant spiked club.
The ogre shouts!
A death yak comes into view.
The death yak bellows!
You hear a bellow!
You hear an angry buzzing noise.
Found 20 stones and a leather armour.
Found a staircase to the Lair. 2 rats, 2 river rats, a hell rat and a zombie come into view. 😎 MP[+2]
Your mp is fully restored (24).
Okay, then.
A quokka comes into view.
The rat moves out of view.
The river rat moves out of view.
The hell rat roars deafeningly!
You hear an angry buzzing noise. x2
A quokka comes into view.
You block the quokka's attack.
You hit the quokka. You burn the quokka. The death yak gores you.
The quokka misses you. 😕 HP[-3]
You take 3 damage, and now have 49/52 hp.
You miss the quokka. The quokka completely misses you.
The death yak gores you!! 😮 HP[-22]
You take 22 damage, and now have 27/52 hp.
MASSIVE DAMAGE!! (PAUSE)
You closely miss the quokka. The quokka closely misses you.
The ogre hits you with a +0 giant spiked club!!
Ouch! That really hurt!
You die...

Skill      XL: |  1  2  3  4  5  6  7 |
---------------+----------------------+-----
Spellcasting   | 5 |  5.6
Invocations    | 1 2 |  2.8
Fighting       | 1 2 3 |  3.0
Short Blades   | 1 2 |  2.5
Long Blades    | 1 2 |  2.5
Axes           | 1 2 |  2.5
Maces & Flails | 1 2 |  2.5
Polearms       | 1 2 |  2.5
Staves         | 1 2 |  2.5
Slings         | 1 2 |  2.5
Bows           | 1 2 |  2.5
Crossbows      | 1 2 |  2.5
Throwing       | 1 2 |  2.5
Armour         | 1 2 |  2.5
Shields        | 1 2 |  2.5
Unarmed Combat | 1 2 |  2.5
Evocations     | 1 2 |  2.5
Hexes          | 1 2 |  2.0
Summonings     | 1 2 |  2.0
Necromancy     | 1 2 |  2.0
Translocations | 1 2 |  2.0
Transmutations | 1 2 |  2.0
Fire Magic     | 1 2 |  2.0
Ice Magic      | 1 2 |  2.0
Air Magic      | 1 2 |  2.0
Earth Magic    | 1 2 |  2.0
Poison Magic   | 1 2 |  2.0
Dodging        | 5 |  5.2
Stealth        | |  4.9
Conjurations   | |  7.4

Action                   |  1- 3 |  4- 6 |  7- 9 || total
-------------------------+-------+-------+-------++-------
Melee: Dagger            |    17 |       |       ||    17
       Spear             |       |     3 |     9 ||    12
       Bite              |       |       |     1 ||     1
 Fire: Hunting sling     |       |     4 |       ||     4
 Cast: Magic Dart        |    59 |   120 |    40 ||   219
       Searing Ray       |       |     6 |     1 ||     7
Armor: Robe              |     3 |       |       ||     3
       Ring mail         |       |     5 |     2 ||     7
Dodge: Dodged            |    17 |    14 |     7 ||    38
Block: Other             |       |     4 |     1 ||     5
       Reflection        |       |     2 |       ||     2

Levels and vault maps discovered:
D:1:      minmay_arrival_four_houses, layout_basic,
          chequers_serial_rivers_micro_c
D:2:      layout_basic, overflow_temple_1_default, lemuel_round_altar
D:3:      layout_loops_ring, guppyfry_early_orc_mine
D:4:      layout_rooms, nicolae_overflow_crystal_walls, serial_shops, shop,
          minmay_manual_mail
D:5:      layout_loops_ring, amethyst_overflow_temple_binary,
          serial_co_window_serial, co_window_corner_a, co_window_paths_b,
          co_window_paths_a, co_window_of_opportunity_a, co_window_corner_a,
          co_window_unsneaky_path_c, co_window_broadway_c, co_window_2corner,
          co_window_2corner, co_window_of_opportunity_c,
          co_window_unsneaky_path_a, co_window_paths_d, uniq_crazy_yiuf_cottage
D:8:      layout_loops_cross, lemuel_crystal_altar, dpeg_lair_monsters,
          gammafunk_ghost_ooze, nicolae_ossuary_entry_false_entrances,
          basic_altar, eino_small_chamber_without_monster

Notes
Turn   | Place    | Note
-------+----------+-------------------------------------------
     0 | D:1      | phalm the Gnoll Conjurer began the quest for the Orb.
     0 | D:1      | Reached XP level 1. HP: 13/13 MP: 6/6
     0 | D:1      | magus.rc [v1.9.10]
    64 | D:1      | Reached XP level 2. HP: 11/19 MP: 0/7
    75 | D:1      | HP: 5/20 [frilled lizard (1)]
    85 | D:1      | HP: 4/20 [frilled lizard (1)]
  1190 | D:2      | Reached XP level 3. HP: 25/25 MP: 2/9
  1191 | D:2      | Reached skill level 5 in Spellcasting
  1194 | D:2      | Learned a level 2 spell: Searing Ray
  1427 | D:2      | Reached skill level 1 in Invocations
  1465 | D:2      | Found a shadowy altar of Dithmenos.
  1476 | D:2      | Reached skill level 1 in Fighting
  1476 | D:2      | Reached skill level 1 in Short Blades
  1476 | D:2      | Reached skill level 1 in Long Blades
  1476 | D:2      | Reached skill level 1 in Axes
  1476 | D:2      | Reached skill level 1 in Maces & Flails
  1476 | D:2      | Reached skill level 1 in Polearms
  1476 | D:2      | Reached skill level 1 in Staves
  1476 | D:2      | Reached skill level 1 in Slings
  1476 | D:2      | Reached skill level 1 in Bows
  1476 | D:2      | Reached skill level 1 in Crossbows
  1476 | D:2      | Reached skill level 1 in Throwing
  1476 | D:2      | Reached skill level 1 in Armour
  1476 | D:2      | Reached skill level 1 in Shields
  1476 | D:2      | Reached skill level 1 in Unarmed Combat
  1476 | D:2      | Reached skill level 1 in Evocations
  1612 | D:2      | Reached XP level 4. HP: 32/32 MP: 9/11
  1725 | D:2      | Found a burning altar of Makhleb.
  2517 | D:1      | Learned a level 4 spell: Iskenderun's Mystic Blast
  2601 | D:3      | Reached skill level 1 in Hexes
  2601 | D:3      | Reached skill level 1 in Summonings
  2601 | D:3      | Reached skill level 1 in Necromancy
  2601 | D:3      | Reached skill level 1 in Translocations
  2601 | D:3      | Reached skill level 1 in Transmutations
  2601 | D:3      | Reached skill level 1 in Fire Magic
  2601 | D:3      | Reached skill level 1 in Ice Magic
  2601 | D:3      | Reached skill level 1 in Air Magic
  2601 | D:3      | Reached skill level 1 in Earth Magic
  2601 | D:3      | Reached skill level 1 in Poison Magic
  3562 | D:4      | Reached XP level 5. HP: 33/37 MP: 12/12
  3639 | D:4      | Found a broken altar of Ashenzari.
  3756 | D:4      | Found Beab's Distillery.
  3770 | D:4      | Bought a potion of heal wounds for 55 gold pieces
  3770 | D:4      | Bought a potion of curing for 33 gold pieces
  4045 | D:4      | Got a fine chain mail
  4116 | D:4      | Reached skill level 2 in Invocations
  4116 | D:4      | Reached XP level 6. HP: 32/44 MP: 12/14
  4225 | D:4      | Noticed an ice beast
  4231 | D:4      | Killed an ice beast
  4232 | D:4      | Reached skill level 2 in Fighting
  4232 | D:4      | Reached skill level 2 in Short Blades
  4232 | D:4      | Reached skill level 2 in Long Blades
  4232 | D:4      | Reached skill level 2 in Axes
  4232 | D:4      | Reached skill level 2 in Maces & Flails
  4232 | D:4      | Reached skill level 2 in Polearms
  4232 | D:4      | Reached skill level 2 in Staves
  4232 | D:4      | Reached skill level 2 in Slings
  4232 | D:4      | Reached skill level 2 in Bows
  4232 | D:4      | Reached skill level 2 in Crossbows
  4232 | D:4      | Reached skill level 2 in Throwing
  4232 | D:4      | Reached skill level 2 in Armour
  4232 | D:4      | Reached skill level 5 in Dodging
  4232 | D:4      | Reached skill level 2 in Shields
  4232 | D:4      | Reached skill level 2 in Unarmed Combat
  4232 | D:4      | Reached skill level 2 in Evocations
  4383 | D:4      | Reached XP level 7. HP: 48/51 MP: 15/15
  4500 | D:5      | Entered Level 5 of the Dungeon
  4726 | D:5      | Reached skill level 2 in Hexes
  4726 | D:5      | Reached skill level 2 in Summonings
  4726 | D:5      | Reached skill level 2 in Necromancy
  4726 | D:5      | Reached skill level 2 in Translocations
  4726 | D:5      | Reached skill level 2 in Transmutations
  4726 | D:5      | Reached skill level 2 in Fire Magic
  4726 | D:5      | Reached skill level 2 in Ice Magic
  4726 | D:5      | Reached skill level 2 in Air Magic
  4726 | D:5      | Reached skill level 2 in Earth Magic
  4726 | D:5      | Reached skill level 2 in Poison Magic
  4845 | D:5      | Reached skill level 3 in Fighting
  5032 | D:5      | You fall into a shaft and drop 3 floors!
  5032 | D:8      | Found a staircase to the Lair.
  5032 | D:8      | Noticed a death yak
  5032 | D:8      | Noticed a death yak
  5047 | D:8      | Slain by an ogre

Vanquished Creatures
  An ice beast (D:4)
  An ogre (D:4)
  A bullfrog (D:4)
  A bullfrog zombie (D:5)
  An orc wizard (D:5)
  2 orc priests
  A worker ant (D:4)
  4 gnolls (D:4)
  6 adders
  5 worms
  2 dart slugs (D:2)
  A leopard gecko (D:1)
  17 orcs
  5 ball pythons
  3 giant cockroaches
  6 goblins
  13 hobgoblins
  10 jackals
  3 quokkas
  4 bats
  2 frilled lizards (D:1)
  4 kobolds (D:1)
  6 rats
99 creatures vanquished.

Table legend:
 A = Non-vault XP
 B = Vault XP
 C = Vault XP percentage of total XP
 D = Non-vault monster count
 E = Vault monster count
 F = Vault count percentage of total count
                 A         B        C        D         E       F
            +---------+---------+-------+---------+---------+-------
      Total |     599 |     285 |  32.2 |      88 |      11 |  11.1
            +---------+---------+-------+---------+---------+-------
        D:1 |      25 |       0 |   0.0 |      17 |       0 |   0.0
        D:2 |      79 |       0 |   0.0 |      24 |       0 |   0.0
        D:3 |      42 |      17 |  28.8 |      15 |       7 |  31.8
        D:4 |     269 |     268 |  49.9 |      16 |       4 |  20.0
        D:5 |     184 |       0 |   0.0 |      16 |       0 |   0.0
            +---------+---------+-------+---------+---------+-------

Illustrated notes

Table legend:
 A = Kills in this place as a percentage of kills in entire the game.
 B = Kills by you in this place as a percentage of kills by you in the entire game.
 C = Kills by friends in this place as a percentage of kills by friends in the entire game.
 D = Other kills in this place as a percentage of other kills in the entire game.
 E = Experience gained in this place as a percentage of experience gained in the entire game.
 F = Experience gained in this place divided by the number of levels of this place that you have seen.
                   A       B       C       D       E      F
               +-------+-------+-------+-------+-------+----------------------
         Total | 100.0 | 100.0 |   N/A |   N/A | 100.0 | 147.3
       Dungeon | 100.0 | 100.0 |   N/A |   N/A | 100.0 | 147.3
               +-------+-------+-------+-------+-------+----------------------

Table legend: (Time is in decaauts)
 A = Elapsed time spent in this place.
 B = Non-inter-level travel time spent in this place.
 C = Inter-level travel time spent in this place.
 D = Time resting spent in this place.
 E = Time spent auto-exploring this place.
 F = Levels seen in this place.
 G = Mean time per level.
                   A        B        C        D        E       F      G
               +--------+--------+--------+--------+--------+-----+--------+
         Total |   5043 |   4833 |    210 |      0 |   4292 |   6 |  840.5 |
       Dungeon |   5043 |   4833 |    210 |      0 |   4292 |   6 |  840.5 |
               +--------+--------+--------+--------+--------+-----+--------+

Top non-repeatable levels by time:
     D:3: 1333 daAuts
     D:1: 1186 daAuts
     D:2: 1034 daAuts
     D:4: 952 daAuts
     D:5: 522 daAuts
     D:8: 14 daAuts
